 Dungeon Crawl Stone Soup version 0.28.0-53-g5a82cb258f (webtiles) character file.

Game seed: 16530179038418317467

6257 hawla the Destroyer (level 10, -2/78 HPs)
             Began as a Pale Draconian Conjurer on June 20, 2022.
             Slain by a centaur warrior (10 damage)
             ... on level 9 of the Dungeon.
             The game lasted 00:25:13 (10729 turns).

hawla the Destroyer (Pale Draconian Conjurer)      Turns: 10729, Time: 00:25:15

Health: -2/78      AC:  9    Str: 13    XL:     10   Next: 62%
Magic:  26/26      EV: 12    Int: 22    God:
Gold:   68         SH:  0    Dex: 10    Spells: 7/19 levels left

rFire   + + +      SeeInvis .   B - +8 battleaxe of the Feather {elec, rF++ rCorr Str+3}
rCold   . . .      Faith    .   (shield currently unavailable)
rNeg    . . .      Spirit   .   (armour unavailable)
rPois   .          Reflect  .   (helmet restricted)
rElec   .          Harm     .   d - +0 cloak
rCorr   +          Rampage  .   m - +0 pair of gloves
Will    .....                   (no boots)
Stlth   ++........              (no amulet)
HPRegen 0.23/turn               x - ring of magical power
MPRegen 0.20/turn               h - ring of protection from fire

@: mighty
A: breathe steam, AC +7, unfitting armour, cold-blooded, steam resistance
a: Breathe Steam


You were on level 9 of the Dungeon.
You visited 1 branch of the dungeon, and saw 9 of its levels.

You collected 452 gold pieces.
You spent 384 gold pieces at shops.

Inventory:

Hand Weapons
 k - a +2 quarterstaff
 B - the +8 battleaxe of the Feather (weapon) {elec, rF++ rCorr Str+3}
   (You found it on level 9 of the Dungeon)

   It occasionally discharges a powerful burst of electricity upon striking a
   foe.
   Str:       It affects your strength (+3).
   rF:        It greatly protects you from fire.
   rCorr:     It protects you from acid and corrosion.
Missiles
 b - 19 poisoned darts (quivered)
 e - 3 boomerangs
 j - a throwing net
Armour
 d - a +0 cloak (worn)
 m - a +0 pair of gloves (worn)
Jewellery
 h - a ring of protection from fire (right hand)
 l - a ring of willpower
 r - a ring of positive energy
 t - a ring of flight
 x - a ring of magical power (left hand)
Wands
 p - a wand of flame (15)
Scrolls
 a - 3 scrolls of identify
 c - a scroll of fog
 o - a scroll of magic mapping
 q - 2 scrolls of teleportation {unknown}
 s - a scroll of fear
 u - 3 scrolls of immolation {unknown}
 w - a scroll of enchant armour {unknown}
 z - a scroll of brand weapon {unknown}
 A - 3 scrolls of silence {unknown}
Potions
 f - 3 potions of curing
 g - a potion of flight
 i - a potion of brilliance
 n - a potion of mutation
 v - a potion of degeneration
Miscellaneous
 y - a lightning rod (4/4)


   Skills:
 + Level 3.8 Fighting
 + Level 5.1 Staves
 + Level 4.0 Dodging
 - Level 2.6 Stealth
 + Level 5.0 Spellcasting
 + Level 12.4 Conjurations
 + Level 5.5 Translocations


You had 7 spell levels left.
You knew the following spells:

 Your Spells              Type           Power      Damage    Failure   Level
a - Magic Dart            Conj           100%       1d8       1%          1
b - Searing Ray           Conj           100%       2d8       1%          2
c - Iskenderun's Mystic   Conj/Tloc      45%        2d10      2%          4
d - Lightning Bolt        Conj/Air       16%        1d30      22%         5

Your spell library contained the following spells:

 Spells                   Type           Power      Damage    Failure   Level
 Conjure Flame            Conj/Fire      32%        6-21      2%          3
 Dazzling Flash           Conj/Hex       64%        N/A       2%          3
 Stone Arrow              Conj/Erth      64%        3d11      2%          3
 Fulminant Prism          Conj/Hex       16%        3d11      8%          4
 Sticky Flame             Conj/Fire      32%        2d5       8%          4
 Pain                     Necr           20%        1d5       10%         1
 Ignite Poison            Fire/Tmut/Pois 5%         N/A       30%         3
 Tukima's Dance           Hex            5%         N/A       30%         3
 Airstrike                Air            2%         N/A       69%         4
 Anguish                  Hex/Necr       2%         N/A       69%         4
 Summon Lightning Spire   Summ/Air       5%         N/A       69%         4
 Agony                    Necr           5%         N/A       95%         5
 Excruciating Wounds      Necr           2%         N/A       95%         5
 Enfeeble                 Hex            2%         N/A       100%        7
 Lehudib's Crystal Spear  Conj/Erth      16%        10d5      100%        8
 Animate Armour           Summ/Erth      Unusable   N/A       N/A         4

Dungeon Overview and Level Annotations

Branches:
Dungeon (9/15)             Temple (0/1) D:6
   Lair: D:8-11         Orc: D:9-12

Altars:
Dithmenos
Hepliaklqana
Kikubaaqudgha
Makhleb
Okawaru
Qazlal
Ru
Sif Muna
Trog
Xom
Zin
The Shining One

Shops:
D:1 [   D:5 [(*!:([

Annotations:
D:4 3 runed translucent doors, moldycheese5's ghost, amateur DsAK; slowmoth's ghost, amateur DrCj


Innate Abilities, Weirdness & Mutations

You can breathe blasts of scalding, opaque steam.
Your pale cyan-grey scales are hard. (AC +7)
You cannot fit into any form of body armour.
You are cold-blooded and may be slowed by cold attacks.
You are immune to the effects of steam.


Message History

C - a fizzy red potion
There is an open door here.
There is an open door here.
Found a sacrificial altar of Ru.
There is an open door here.
A centaur warrior comes into view.
The centaur warrior shouts!
The centaur warrior wields a +0 shortbow.
The centaur warrior shoots an arrow.
The arrow closely misses you.
The centaur warrior shoots an arrow.
The arrow hits you.
Found 19 gold pieces.
The centaur warrior shoots an arrow.
The arrow hits you!
The centaur warrior shoots an arrow.
The arrow hits you!!
The centaur warrior shoots an arrow.
The arrow hits you.
You are too injured to fight recklessly!
It was a potion of might.
You feel very mighty all of a sudden.
The centaur warrior shoots an arrow.
The arrow barely misses you.
The arrow hits the plant!!
The plant begins to die.
The centaur warrior unwields a +0 shortbow.
The centaur warrior completely misses you. x2
The centaur warrior hits you but does no damage.
The centaur warrior kicks you but does no damage.
You slash the centaur warrior!
Lightning courses through the centaur warrior!
The centaur warrior is heavily wounded.
The centaur warrior hits you!
The centaur warrior kicks you but does no damage.
The centaur warrior hits you but does no damage.
The centaur warrior closely misses you.
You slice the centaur warrior!!
The centaur warrior is almost dead.
The centaur warrior hits you!
* * * LOW HITPOINT WARNING * * *
The centaur warrior kicks you.
* * * LOW HITPOINT WARNING * * *
The centaur warrior hits you!
* * * LOW HITPOINT WARNING * * *
The centaur warrior kicks you but does no damage.
The centaur warrior hits you!
You die...

.......
#...####..##.......#
........
..........'........# #
#.........#........# ..
#...##....#........#
...##...##....#........#
........##....##..##...#
......$.##....##..##...#
......c.#..........#...#
#..@##.........#...#
#....♣..P......'...#
....♣.........P..##...#
.......≈.♣≈....P.##....#
..♣..♣≈♣≈≈≈≈♣.P..##.####
.....♣≈≈≈≈≈...P.####.)##
..P.≈≈≈♣≈≈.PP### #....#
....♣≈♣≈♣..P## #....#
.....♣..P## #....#


You could see a centaur warrior.

Vanquished Creatures
  3 two-headed ogres
  An unseen horror (D:9)
  3 kobold demonologists (D:9)
  Prince Ribbit (D:8)
  3 ice beasts
  A hornet zombie (D:7)
  A sky beast (D:5)
  2 black bears (D:5)
  4 ogres (D:5)
  A necrophage (D:6)
  4 centaurs
  A phantom (D:5)
  2 kobold brigands
  A bullfrog (D:8)
  3 scorpions
  A water moccasin zombie (D:7)
  2 wyvern zombies
  3 howler monkeys
  3 centaur zombies
  A bullfrog zombie (D:7)
  3 hounds
  3 jellies
  An orc priest (D:9)
  A gnoll shaman (D:4)
  A bullfrog skeleton (D:6)
  5 iguanas
  3 orc wizards
  Natasha (twice) (D:2)
  A killer bee zombie (D:7)
  4 gnolls (D:4)
  2 howler monkey skeletons
  7 adders
  2 white imps (D:6)
  3 dart slugs
  10 orcs
  7 endoplasms
  A giant cockroach (D:4)
  4 goblins
  2 hobgoblins (D:2)
  4 jackals (D:2)
  4 quokkas
  6 ball pythons
  7 bats
  7 kobolds
  6 rats
137 creatures vanquished.

Vanquished Creatures (others)
  2 fungi (D:5)
  5 toadstools (D:5)
7 creatures vanquished.

Grand Total: 144 creatures vanquished

Notes
Turn   | Place    | Note
-------+----------+-------------------------------------------
     0 | D:1      | hawla the Draconian Conjurer began the quest for the Orb.
     0 | D:1      | Reached XP level 1. HP: 14/14 MP: 3/3
    14 | D:1      | Found Daedeti's Armour Shop.
   338 | D:1      | Reached XP level 2. HP: 20/20 MP: 0/5
   517 | D:1      | Learned a level 2 spell: Searing Ray
  1129 | D:2      | Reached XP level 3. HP: 26/26 MP: 3/6
  1168 | D:2      | Reached skill level 5 in Conjurations
  1219 | D:2      | Found a faded altar of an unknown god.
  1450 | D:2      | Noticed Natasha
  1455 | D:2      | Killed Natasha
  1456 | D:2      | Reached XP level 4. HP: 33/33 MP: 2/7
  1645 | D:2      | Noticed Natasha
  1648 | D:2      | Killed Natasha
  1860 | D:3      | Found a burning altar of Makhleb.
  1958 | D:3      | Noticed a scorpion
  2014 | D:3      | Killed a scorpion
  2015 | D:3      | Reached XP level 5. HP: 16/38 MP: 0/8
  2341 | D:3      | Reached skill level 6 in Conjurations
  2380 | D:3      | Found an ancient bone altar of Kikubaaqudgha.
  3150 | D:3      | Learned a level 4 spell: Iskenderun's Mystic Blast
  3169 | D:4      | Reached XP level 6. HP: 45/45 MP: 3/10
  3339 | D:4      | Identified the +5 hunting sling of Defiance {venom, Will+
                  | Dex+3}
  4078 | D:4      | Found a runed translucent gate.
  4078 | D:4      | Found a runed translucent gate.
  4079 | D:4      | Found a runed translucent gate.
  4080 | D:4      | Noticed slowmoth's ghost (amateur DrCj)
  4080 | D:4      | Noticed moldycheese5's ghost (amateur DsAK)
  4621 | D:5      | Entered Level 5 of the Dungeon
  4629 | D:5      | Reached skill level 1 in Translocations
  4701 | D:5      | Found Eruta Byg's Antique Armour Boutique.
  4711 | D:5      | Reached skill level 7 in Conjurations
  4895 | D:5      | Your scales start taking on a pale cyan-grey colour.
  4895 | D:5      | Reached XP level 7. HP: 50/50 MP: 2/11
  4895 | D:5      | Gained mutation: You are immune to the effects of steam.
                  | [Pale Draconian growth]
  5022 | D:5      | Reached skill level 8 in Conjurations
  5306 | D:5      | Found Nigeimung's Weapon Boutique.
  5324 | D:5      | Found Uxusmu's Distillery.
  5327 | D:5      | Found Toceeg's Book Shoppe.
  5328 | D:5      | Found Lyx Buah's General Store.
  5355 | D:5      | Reached skill level 9 in Conjurations
  5355 | D:5      | Reached XP level 8. HP: 40/57 MP: 0/12
  5448 | D:5      | Found Siyn's Armour Shop.
  5484 | D:5      | Found Xaap's Weapon Shoppe.
  5941 | D:6      | Noticed a two-headed ogre
  6191 | D:6      | Found a bloodstained altar of Trog.
  6213 | D:6      | Killed a two-headed ogre
  6214 | D:6      | Reached skill level 10 in Conjurations
  6522 | D:6      | Reached skill level 11 in Conjurations
  6522 | D:6      | Reached XP level 9. HP: 62/62 MP: 5/13
  6682 | D:6      | Found a staircase to the Ecumenical Temple.
  6930 | D:6      | Found a glowing golden altar of the Shining One.
  7262 | D:7      | Reached skill level 1 in Fighting
  7512 | D:7      | Found a stormy altar of Qazlal.
  7512 | D:7      | Found a shadowy altar of Dithmenos.
  7520 | D:7      | Found a glowing silver altar of Zin.
  7522 | D:7      | Found a hazy altar of Hepliaklqana.
  7524 | D:7      | Found a shimmering altar of Xom.
  7661 | D:7      | Found a shimmering blue altar of Sif Muna.
  8109 | D:7      | Identified the +4 ring mail "Hoomn" {Harm SInv Stlth+}
  8310 | D:5      | Bought a book of Storms for 384 gold pieces
  8540 | D:8      | Noticed a two-headed ogre
  8547 | D:8      | Killed a two-headed ogre
  8548 | D:8      | Reached skill level 12 in Conjurations
  8548 | D:8      | Reached skill level 5 in Translocations
  8810 | D:8      | Reached XP level 10. HP: 74/74 MP: 15/15
  8980 | D:8      | Found an iron altar of Okawaru.
  9273 | D:8      | Noticed Prince Ribbit
  9279 | D:8      | Killed Prince Ribbit
  9743 | D:9      | Noticed a soul eater
 10337 | D:9      | Noticed a two-headed ogre
 10345 | D:9      | Killed a two-headed ogre
 10346 | D:9      | Reached skill level 5 in Staves
 10346 | D:9      | Reached skill level 5 in Spellcasting
 10352 | D:9      | Learned a level 5 spell: Lightning Bolt
 10591 | D:9      | Identified the +8 battleaxe of the Feather {elec, rF++
                  | rCorr Str+3}
 10686 | D:9      | Found a sacrificial altar of Ru.
 10723 | D:9      | Noticed a centaur warrior
 10729 | D:9      | Slain by a centaur warrior

Illustrated notes

Levels and vault maps discovered:
D:1:      ebering_trefoil_twist, layout_basic, serial_shops, shop_statue
D:2:      layout_basic, shapermc_ecumenical_altar_mp_highgroup, uniq_natasha
D:3:      layout_rooms, mainiacjoe_overflow_alcove_2,
          mainiacjoe_overflow_concentric_impassable
D:4:      minmay_spotlight, layout_loops_cross, gammafunk_ghost_cemetery,
          minivault_4
D:5:      layout_cave_pools, serial_shops, nicolae_shop_bloodbath_and_beyond,
          nicolae_shop_crystal, shop, kennysheep_mini, minmay_gold_behind_fungi,
          nicolae_wooded_promenade
D:6:      layout_gridville, bloody_trog, kennysheep_little_box,
          minmay_temple_entry_hall
D:7:      layout_loops_ring, chequers_temple_overflow_minitemple,
          mainiacjoe_overflow_brackets
D:8:      layout_basic, okawaru_gym_becter, uniq_prince_ribbit1
D:9:      layout_gridville, nicolae_ru_the_path_less_chosen, serial_bayou,
          serial_bayou_shore_b, serial_bayou_shore_b, serial_bayou_shore_b,
          serial_bayou_pond_a

Skill      XL: |  1  2  3  4  5  6  7  8  9 10 |
---------------+-------------------------------+-----
Stealth        | 2 |  2.6
Dodging        | 2 3 4 |  4.0
Conjurations   | 5 6 7 9 11 12 | 12.4
Translocations | 1 3 4 5 |  5.5
Fighting       | 2 3 |  3.8
Staves         | 4 5 |  5.1
Spellcasting   | 3 5 |  5.0

Action                   |  1- 3 |  4- 6 |  7- 9 | 10-12 || total
-------------------------+-------+-------+-------+-------++-------
Melee: Unarmed           |    17 |    16 |       |       ||    33
       Tailslap          |       |     2 |    11 |     2 ||    15
       Quarterstaff      |       |     6 |    82 |    13 ||   101
       Battleaxe         |       |       |       |     2 ||     2
 Cast: Magic Dart        |    40 |    43 |    32 |     4 ||   119
       Searing Ray       |     6 |    27 |    40 |    12 ||    85
       Iskenderun's Myst |       |       |     9 |    15 ||    24
  Use: Scroll            |     1 |     8 |     4 |       ||    13
       Potion            |       |       |     1 |     2 ||     3
 Stab: Sleeping          |       |     1 |     1 |       ||     2
Armor: Skin              |     8 |    26 |    61 |    35 ||   130
Dodge: Dodged            |    21 |    41 |    78 |    30 ||   170
